 Dungeon Crawl Stone Soup version 0.19.0-22-gd96e5fe (webtiles) character file.

587 Firecrotchwizard the Cutter (level 7, -3/44 HPs)
             Began as a Halfling Fighter on Nov 18, 2016.
             Was an Initiate of Hepliaklqana.
             Killed from afar by a dart slug (5 damage)
             ... with a slug dart
             ... while paralysed by Grinder
             ... on level 4 of the Dungeon.
             The game lasted 00:15:20 (3305 turns).

Firecrotchwizard the Cutter (Halfling Fighter)      Turns: 3305, Time: 00:15:22

Health: -3/44      AC:  9    Str: 23    XL:     7   Next: 65%
Magic:  7/7        EV:  3    Int:  6    God:    Hepliaklqana [......]
Gold:   262        SH:  0    Dex: 14    Spells: 0 memorised, 6 levels left

rFire  . . .     SeeInvis .     g - +3 short sword
rCold  . . .     Gourm    .     b - +0 scale mail
rNeg   . . .     Faith    .     c - +0 shield
rPois  .         Spirit   .     n - +0 helmet
rElec  .         Reflect  .     (no cloak)
rCorr  .         Harm     .     p - +0 pair of gloves
MR     .....                    (no boots)
Stlth  ..........               (no amulet)
                                (no ring)
                                r - +4 ring of strength

@: paralysed
A: reduced essence, mutation resistance 1
a: Recall Ancestor, Ancestor Identity, Renounce Religion


You were on level 4 of the Dungeon.
You worshipped Hepliaklqana.
Hepliaklqana was noncommittal.
You were not hungry.

You visited 1 branch of the dungeon, and saw 4 of its levels.

You collected 262 gold pieces.

Inventory:

Hand Weapons
 a - a +0 rapier
 g - a +3 short sword (weapon)
 l - a +0 hunting sling
Missiles
 k - 8 sling bullets (quivered)
Armour
 b - a +0 scale mail (worn)
 c - a +0 shield (worn)
 n - a +0 helmet (worn)
 p - a +0 pair of gloves (worn)
Jewellery
 r - a +4 ring of strength (left hand)
Scrolls
 e - 4 scrolls of fog
 i - a scroll of magic mapping {unknown}
 j - a scroll of immolation {unknown}
 o - a scroll of identify
 q - a scroll of teleportation {unknown}
 s - a scroll of blinking {unknown}
Potions
 h - 2 potions of agility {unknown}
Comestibles
 f - 4 bread rations
 m - 2 meat rations
 t - a beef jerky


   Skills:
 * Level 4.3 Fighting
 * Level 6.0 Short Blades
 + Level 3.3 Slings
 + Level 4.5 Armour
 + Level 1.3 Dodging
 + Level 4.1 Shields


You had 6 spell levels left.
You didn't know any spells.

Dungeon Overview and Level Annotations

Branches:
Dungeon (4/15)
 Temple: D:4-7

Altars:
Hepliaklqana

Annotations:
D:4 Grinder


Innate Abilities, Weirdness & Mutations

You are small and have problems with some larger weapons.
You are somewhat resistant to further mutation.
Your life essence is reduced. (-10% HP)


Message History

You puncture Grinder!
Grinder is heavily wounded.
Lucia hits Grinder but does no damage.
Grinder hits you.
You writhe in agony.
Your shield and scale mail prevent you from hitting Grinder.
Grinder is heavily wounded.
Lucia hits Grinder but does no damage.
Grinder gestures at you.
You suddenly lose the ability to move!
The dart slug launches a dart at you. The slug dart hits you!
Lucia barely misses Grinder.
Grinder gestures at you. Pain shoots through your body!
* * * LOW HITPOINT WARNING * * *
Lucia hits Grinder.
Grinder hits you.
* * * LOW HITPOINT WARNING * * *
You writhe in agony.
* * * LOW HITPOINT WARNING * * *
The dart slug launches a dart at you.
Helpless, you fail to dodge the slug dart.
You die...

...........(##.#..##
.............##..# #
............###.#..
#...#......>.......
##.##..............
#.. #..........$.#.
# #....#....†.(....
#.#..#...†.......
#.#.##.†@R.....#. #
#. #.[5.:......
#...........
.w.........##
...(.)......#
#...........(.#
...#..........#
...#.%.......#.


You could see the friendly Lucia the ancestor, Grinder and a dart slug.

Vanquished Creatures
  Duvessa (D:4)
  Dowan (D:4)
  An orc priest (D:3)
  A hound (D:3)
  2 orc wizards (D:3)
  Jessica (D:3)
  2 worker ants
  5 adders
  A river rat (D:4)
  3 oozes
  3 worms
  3 leopard geckos
  5 orcs (D:3)
  2 ball pythons
  2 giant cockroaches (D:3)
  8 goblins
  11 hobgoblins
  7 jackals
  7 kobolds
  3 quokkas
  5 bats
  3 frilled lizards
  6 rats
83 creatures vanquished.

Vanquished Creatures (collateral kills)
  A howler monkey (D:4)
  A hound (D:4)
  A shadow imp (D:4)
  A worm (D:3)
  An orc (D:3)
  A hobgoblin (D:3)
6 creatures vanquished.

Vanquished Creatures (others)
  2 ancestors
2 creatures vanquished.

Grand Total: 91 creatures vanquished

Notes
Turn   | Place    | Note
-------+----------+-------------------------------------------
     0 | D:1      | Firecrotchwizard the Halfling Fighter began the quest for the Orb.
     0 | D:1      | Reached XP level 1. HP: 15/15 MP: 1/1
   410 | D:1      | Reached XP level 2. HP: 20/20 MP: 2/2
   629 | D:1      | Reached XP level 3. HP: 23/26 MP: 3/3
   859 | D:1      | Reached skill level 3 in Short Blades
  1246 | D:2      | Reached XP level 4. HP: 28/31 MP: 4/4
  1612 | D:2      | Reached skill level 4 in Short Blades
  1678 | D:2      | Found a hazy altar of Hepliaklqana.
  1689 | D:2      | Became a worshipper of Hepliaklqana the Forgotten
  1799 | D:3      | Reached XP level 5. HP: 32/32 MP: 5/5
  1965 | D:3      | Reached skill level 1 in Slings
  2155 | D:3      | Reached XP level 6. HP: 22/37 MP: 6/6
  2403 | D:3      | Noticed Jessica
  2409 | D:3      | Killed Jessica
  2530 | D:3      | Reached skill level 1 in Dodging
  2973 | D:4      | Noticed Dowan
  2983 | D:4      | Noticed Duvessa
  3001 | D:4      | Killed Duvessa
  3001 | D:4      | Reached skill level 5 in Short Blades
  3001 | D:4      | Reached XP level 7. HP: 20/43 MP: 7/7
  3008 | D:4      | Killed Dowan
  3295 | D:4      | Noticed Grinder
  3297 | D:4      | Reached skill level 6 in Short Blades
  3302 | D:4      | Paralysed by Grinder for 6 turns
  3304 | D:4      | HP: 2/44 [Grinder (6)]
  3305 | D:4      | Killed from afar by a dart slug

Skill      XL: |  1  2  3  4  5  6  7 |
---------------+----------------------+-----
Fighting       | 3 4 |  4.3
Short Blades   | 3 4 5 6 |  6.0
Slings         | 2 3 |  3.3
Armour         | 4 |  4.5
Dodging        | 1 |  1.3
Shields        | 4 |  4.1

Action                   |  1- 3 |  4- 6 |  7- 9 || total
-------------------------+-------+-------+-------++-------
Melee: Rapier            |   103 |       |       ||   103
       Short sword       |       |   160 |    24 ||   184
 Fire: Hunting sling     |       |    36 |     3 ||    39
  Use: Scroll            |     1 |     2 |       ||     3
       Potion            |       |     1 |       ||     1
 Stab: Distracted        |       |     2 |       ||     2
  Eat: Chunk             |     1 |     5 |     2 ||     8
Armor: Scale mail        |    31 |    35 |     7 ||    73
Dodge: Dodged            |    31 |    51 |     7 ||    89
Block: Shield            |    55 |    72 |     4 ||   131
